Map: Washout LE

Players

Serral - Winner!

  • Race: Zerg Zerg
  • League: Master
  • Spawn Location: 7:00

Harstem

  • Race: Protoss Protoss
  • League: Grandmaster
  • Spawn Location: 1:00

Event: HomeStory Cup XXIX

VOD

Have the link to the VOD?

Description

Time

  • Played on: July 4, 2026, 10:22 a.m.
  • Length: 21:39

All games in this series

Show
View Real Time Build Order
Export as new Build Order

Serral Zerg - Winner!

Build Orders: Hatch First, Brood Lord Corruptor 

Get SALT Encoding   

  8  0:00  Drone  
  9  0:10  Drone  
  10  0:16  Drone  
  11  0:26  Overlord  
  11  0:32  Drone  
  12  0:45  Drone x2  
  14  0:50  Drone  
  15  1:08  Drone  
  16  1:14  Hatchery  
  15  1:19  Drone  
  15  1:21  Drone  
  17  1:30  Drone  
  18  1:35  Extractor  
  17  1:41  Spawning Pool  
  17  1:43  Drone  
  17  1:50  Drone  
  18  2:01  Drone  
  19  2:09  Overlord  
  19  2:20  Drone  
  20  2:27  Queen x2  
  20  2:29  Drone  
  25  2:30  Zergling x2  
  25  2:36  Drone  
  27  2:39  Metabolic Boost  
  27  2:43  Zergling x2  
  28  2:47  Drone  
  28  2:49  Drone  
  30  2:58  Drone  
  30  2:59  Overlord  
  31  3:08  Drone  
  32  3:14  Hatchery  
  31  3:20  Queen  
  31  3:26  Zergling x4  
  35  3:29  Overlord  
  35  3:31  Zergling x2  
  35  3:33  Zergling x2  
  37  3:39  Drone x2  
  37  3:40  Drone  
  40  3:48  Overlord  
  40  3:53  Drone x3  
  43  3:58  Drone  
  43  4:01  Drone  
  45  4:06  Spore Crawler  
  45  4:08  Queen  
  45  4:09  Drone x3  
  49  4:12  Drone  
  49  4:16  Overlord  
  49  4:18  Drone  
  49  4:24  Drone, Queen  
  50  4:31  Zergling x2  
  53  4:34  Zergling x2  
  53  4:35  Drone x3, Spore Crawler  
  56  4:40  Drone x3  
  59  4:47  Overlord  
  59  4:48  Drone x2  
  59  4:50  Drone  
  62  4:53  Drone  
  62  4:56  Drone x2  
  65  5:05  Drone, Roach Warren  
  65  5:09  Drone  
  65  5:10  Drone x4  
  68  5:18  Hatchery  
  68  5:20  Lair  
  68  5:21  Drone  
  68  5:26  Overlord, Extractor x2  
  68  5:27  Drone x3  
  69  5:29  Drone  
  69  5:31  Drone x2  
  69  5:32  Drone  
  69  5:35  Overlord  
  73  5:37  Drone  
  74  5:44  Overlord x2  
  74  5:46  Drone x3  
  74  5:47  Evolution Chamber  
  75  5:50  Drone x4  
  76  5:59  Roach x5  
  76  6:03  Zergling x4  
  88  6:08  Drone, Extractor x2  
  88  6:09  Roach  
  88  6:10  Queen  
  91  6:12  Overlord  
  91  6:16  Roach x3  
  97  6:18  Glial Reconstitution  
  97  6:22  Zerg Missile Weapons Level 1  
  96  6:29  Drone x2  
  96  6:30  Drone x2  
  100  6:33  Drone  
  100  6:35  Overlord  
  100  6:37  Drone x3, Hydralisk Den  
  100  6:38  Overseer  
  103  6:42  Drone x2  
  103  6:44  Overlord  
  103  6:45  Overlord  
  105  6:54  Overlord  
  105  6:57  Queen x3  
  105  6:58  Extractor  
  105  6:59  Extractor  
  105  7:00  Spire  
  109  7:02  Extractor  
  109  7:03  Queen  
  109  7:04  Overseer  
  110  7:09  Drone x5  
  110  7:13  Drone  
  110  7:14  Drone x2  
  118  7:18  Overlord  
  118  7:20  Roach  
  118  7:21  Roach x3  
  127  7:30  Roach x4  
  127  7:32  Overlord x2  
  132  7:37  Overlord  
  132  7:41  Overlord  
  132  7:44  Roach x5  
  140  7:45  Zergling x8  
  140  7:48  Overlord  
  140  7:49  Overlord  
  146  7:53  Overlord x2  
  146  8:00  Overseer x3  
  146  8:09  Mutalisk x5  
  146  8:10  Mutalisk x3  
  162  8:15  Zerg Flyer Weapons Level 1  
  162  8:16  Zergling x8  
  162  8:18  Zerg Melee Weapons Level 1  
  166  8:27  Pneumatized Carapace  
  166  8:31  Zergling x22  
  177  8:35  Ravager  
  177  8:36  Ravager x4  
  177  8:38  Ravager  
  182  8:41  Ravager  
  183  8:48  Baneling Nest  
  183  8:52  Evolution Chamber, Infestation Pit  
  183  8:53  Drone  
  183  8:55  Drone x15  
  196  9:01  Drone x3  
  199  9:06  Overlord  
  199  9:09  Overlord  
  197  9:12  Drone  
  198  9:19  Zerg Ground Armor Level 1  
  198  9:21  Zergling x2  
  199  9:24  Hatchery  
  199  9:26  Spore Crawler  
  199  9:28  Spine Crawler  
  199  9:29  Spine Crawler  
  199  9:30  Hive  
  199  9:31  Spine Crawler  
  194  9:32  Spine Crawler  
  194  9:33  Centrifugal Hooks  
  194  9:35  Zergling x12  
  199  9:48  Overseer  
  199  9:49  Overlord x5  
  199  9:50  Overseer x2  
  196  10:06  Corruptor x8  
  199  10:25  Zerg Melee Weapons Level 2  
  199  10:29  Extractor  
  199  10:30  Extractor  
  199  10:45  Adrenal Glands, Greater Spire  
  199  10:46  Ultralisk Cavern  
  199  10:48  Spine Crawler x2  
  199  10:49  Baneling x20  
  196  10:50  Spine Crawler  
  196  10:51  Spine Crawler, Drone  
  196  10:52  Drone x2  
  196  10:53  Drone x2  
  197  10:58  Zergling x4  
  199  11:16  Zerg Ground Armor Level 2, Neural Parasite  
  193  11:26  Zergling x14  
  193  11:28  Zergling x6  
  199  11:33  Baneling x9  
  199  11:37  Hatchery  
  199  11:38  Chitinous Plating  
  199  11:39  Hatchery  
  197  11:47  Zergling x4  
  193  12:13  Spore Crawler, Brood Lord x4  
  193  12:14  Spore Crawler x2  
  193  12:15  Spore Crawler x3, Brood Lord x3  
  196  12:16  Brood Lord  
  196  12:18  Corruptor  
  196  12:19  Corruptor x2  
  197  12:24  Infestor  
  199  12:33  Zerg Flyer Weapons Level 2  
  197  12:49  Brood Lord x3  
  198  12:56  Infestor  
  198  12:57  Anabolic Synthesis  
  197  13:34  Infestor  
  197  13:49  Infestor x2  
  197  13:52  Zerg Melee Weapons Level 3, Zerg Ground Armor Level 3  
  197  13:58  Zergling x14  
  190  14:15  Hatchery, Infestor  
  190  14:16  Corruptor  
  198  14:24  Spire  
  192  14:34  Corruptor x2  
  180  14:39  Overseer  
  180  14:41  Corruptor x2  
  180  14:44  Zergling x20  
  180  14:45  Zergling x10  
  199  14:49  Zerg Flyer Armor Level 1  
  188  15:28  Infestor x5  
  194  15:35  Baneling  
  194  15:36  Baneling x7  
  194  15:42  Overseer x2  
  194  15:43  Infestor x2  
  198  15:53  Hydralisk Den  
  197  16:05  Zergling x4  
  184  16:21  Ultralisk x2  
  184  16:23  Burrow, Zerg Flyer Weapons Level 3  
  192  16:32  Hatchery  
  191  16:41  Muscular Augments  
  191  16:42  Lurker Den, Zerg Missile Weapons Level 2  
  191  16:44  Corruptor x2  
  191  16:46  Infestor x2  
  198  16:52  Zerg Flyer Armor Level 2  
  197  17:24  Extractor  
  197  17:27  Zergling x8  
  199  17:45  Grooved Spines  
  199  17:47  Zergling x2  
  200  17:52  Seismic Spines  
  199  18:03  Extractor  
  198  18:09  Extractor  
  198  18:17  Corruptor  
  199  18:45  Hatchery  
  198  18:49  Adaptive Talons  
  198  19:26  Infestor x8  
  198  19:44  Spore Crawler  
  198  19:45  Spore Crawler x3  
  195  19:48  Viper, Corruptor  
  189  20:17  Infestor x2  
  189  20:18  Infestor  
  189  20:19  Ultralisk  
  189  20:20  Zergling x2  
  198  20:30  Corruptor  
  191  20:47  Corruptor x3  
  198  20:57  Brood Lord  
  196  21:09  Extractor  
  196  21:10  Hatchery  
  196  21:11  Extractor  
Show
View Real Time Build Order
Export as new Build Order

Harstem Protoss 

Build Orders: Oracle Opening 

Get SALT Encoding   

  8  0:00  Probe (Chrono Boost)  
  9  0:12  Probe (Chrono Boost)  
  10  0:18  Probe (Chrono Boost)  
  11  0:26  Probe  
  12  0:33  Pylon  
  12  0:38  Probe  
  13  0:51  Probe  
  14  1:03  Probe (Chrono Boost), Gateway  
  15  1:09  Assimilator  
  15  1:14  Probe (Chrono Boost)  
  16  1:19  Probe (Chrono Boost)  
  17  1:29  Probe  
  18  1:41  Probe  
  19  1:52  Nexus  
  19  2:02  Cybernetics Core  
  19  2:05  Probe  
  20  2:10  Assimilator  
  20  2:17  Pylon  
  20  2:21  Probe  
  21  2:35  Adept (Chrono Boost), Probe  
  24  2:45  Stargate  
  24  2:47  Probe  
  25  2:58  Adept (Chrono Boost)  
  25  2:59  Probe  
  25  3:03  Warp Gate  
  28  3:06  Probe  
  28  3:12  Probe  
  30  3:18  Probe  
  31  3:24  Probe  
  32  3:27  Stalker  
  32  3:30  Probe  
  32  3:33  Oracle (Chrono Boost)  
  35  3:36  Probe  
  35  3:39  Pylon  
  39  3:42  Probe  
  39  3:48  Probe  
  41  3:54  Probe  
  42  4:00  Probe  
  43  4:05  Pylon  
  43  4:06  Probe, Oracle  
  47  4:11  Gateway  
  47  4:12  Probe  
  48  4:21  Probe  
  49  4:24  Probe  
  50  4:33  Probe (Chrono Boost)  
  50  4:38  Nexus  
  52  4:39  Assimilator  
  52  4:41  Assimilator  
  52  4:42  Probe (Chrono Boost)  
  52  4:44  Pylon, Probe (Chrono Boost)  
  53  4:50  Probe (Chrono Boost)  
  53  4:52  Fleet Beacon  
  54  4:54  Probe  
  54  5:00  Adept x2  
  54  5:02  Probe  
  54  5:06  Probe  
  60  5:14  Probe  
  60  5:18  Probe, Pylon  
  62  5:22  Forge  
  62  5:26  Probe  
  63  5:32  Adept  
  66  5:38  Pylon  
  74  5:43  Probe (Chrono Boost)  
  74  5:44  Mothership (Chrono Boost)  
  74  5:52  Shield Battery, Probe (Chrono Boost)  
  74  5:53  Probe (Chrono Boost)  
  74  6:03  Probe (Chrono Boost), Protoss Ground Weapons Level 1 (Chrono Boost)  
  75  6:04  Probe (Chrono Boost)  
  75  6:08  Twilight Council  
  76  6:13  Probe (Chrono Boost)  
  76  6:14  Gateway, Probe (Chrono Boost)  
  76  6:16  Gateway  
  76  6:18  Probe (Chrono Boost)  
  78  6:20  Probe (Chrono Boost)  
  80  6:27  Assimilator  
  80  6:30  Pylon  
  80  6:32  Assimilator  
  82  6:35  Probe (Chrono Boost)  
  82  6:36  Probe (Chrono Boost)  
  82  6:37  Blink  
  82  6:39  Gateway  
  82  6:41  Probe x2 (Chrono Boost), Gateway  
  82  6:42  Robotics Facility  
  82  6:43  Probe  
  85  6:51  Probe  
  85  6:53  Probe  
  87  6:55  Probe  
  87  6:56  Templar Archives  
  87  6:59  Pylon  
  87  7:03  Stalker x2, Probe  
  87  7:05  Stalker, Probe  
  87  7:07  Probe  
  96  7:10  Stalker  
  96  7:14  Phoenix  
  100  7:16  Probe  
  100  7:17  Photon Cannon  
  100  7:18  Pylon  
  100  7:20  Stalker  
  103  7:23  Stalker  
  103  7:24  Probe  
  106  7:33  Psionic Storm, Photon Cannon  
  106  7:41  Stalker x2  
  107  7:50  Stalker x3  
  113  7:53  Probe  
  114  7:59  Protoss Ground Weapons Level 2 (Chrono Boost)  
  114  8:00  Phoenix (Chrono Boost)  
  114  8:01  Pylon  
  116  8:06  Photon Cannon, Pylon  
  116  8:08  Shield Battery  
  116  8:11  Photon Cannon  
  116  8:18  Immortal (Chrono Boost)  
  120  8:21  Photon Cannon  
  120  8:25  High Templar, Zealot x3  
  128  8:34  High Templar  
  128  8:36  Probe  
  128  8:40  Nexus  
  128  8:41  Pylon  
  128  8:42  High Templar  
  128  8:47  Pylon  
  128  8:48  Charge  
  130  8:59  Pylon  
  130  9:02  Phoenix  
  130  9:03  Probe x3  
  130  9:11  Stalker  
  130  9:12  Stalker x4  
  139  9:20  Immortal (Chrono Boost)  
  139  9:24  Pylon  
  143  9:27  Phoenix  
  145  9:31  Shield Battery, Nexus  
  145  9:33  High Templar  
  147  9:39  Photon Cannon  
  147  9:41  Probe  
  147  9:42  Shield Battery  
  147  9:43  Probe  
  149  9:47  Probe  
  149  9:49  Immortal (Chrono Boost)  
  154  9:53  Probe, Robotics Facility  
  150  10:00  Assimilator  
  150  10:04  Assimilator  
  145  10:09  High Templar, Zealot x5  
  145  10:11  Probe  
  145  10:12  Photon Cannon  
  158  10:15  Probe  
  158  10:16  Probe  
  158  10:19  Pylon  
  158  10:23  Protoss Ground Weapons Level 3 (Chrono Boost), Probe  
  159  10:29  Pylon  
  159  10:32  Pylon  
  159  10:35  Immortal (Chrono Boost)  
  159  10:37  Probe  
  159  10:38  Gateway  
  159  10:40  Gateway  
  159  10:41  Immortal (Chrono Boost)  
  164  10:46  Pylon  
  168  10:50  High Templar x2  
  168  10:51  High Templar x2  
  174  10:58  Archon x2  
  178  11:07  Photon Cannon  
  178  11:10  Immortal x2 (Chrono Boost)  
  172  11:17  Photon Cannon  
  176  11:19  High Templar x2  
  180  11:26  Archon  
  170  11:35  Zealot  
  170  11:36  Photon Cannon  
  170  11:39  Immortal x2 (Chrono Boost)  
  172  11:43  High Templar  
  172  11:44  High Templar  
  184  11:49  Archon  
  178  12:01  High Templar  
  178  12:06  Probe  
  179  12:09  Photon Cannon  
  179  12:11  Gateway  
  179  12:12  Zealot, Gateway  
  179  12:14  Zealot x3  
  187  12:18  Warp Prism (Chrono Boost), Photon Cannon  
  187  12:19  High Templar  
  187  12:20  High Templar, Photon Cannon  
  187  12:22  Photon Cannon  
  189  12:27  Photon Cannon  
  189  12:30  Archon  
  189  12:31  High Templar  
  189  12:36  High Templar  
  189  12:37  High Templar, Observer (Chrono Boost)  
  196  12:39  High Templar  
  196  12:41  Photon Cannon  
  196  12:42  Archon  
  196  12:43  Observer (Chrono Boost)  
  199  13:02  Protoss Shields Level 1 (Chrono Boost)  
  199  13:04  Zealot x2  
  199  13:08  Observer  
  200  13:17  Gateway  
  200  13:18  Gateway  
  190  13:33  Probe  
  189  13:37  Zealot  
  189  13:38  Zealot, Stargate  
  192  13:41  Nexus  
  192  13:42  Stalker x4  
  192  13:47  Probe  
  192  13:48  Protoss Air Weapons Level 1 (Chrono Boost)  
  195  13:50  Probe  
  194  13:56  Probe  
  194  14:01  Zealot  
  194  14:02  Zealot x2  
  194  14:10  Stalker x3  
  194  14:15  Probe x2 (Chrono Boost)  
  184  14:19  Immortal (Chrono Boost)  
  184  14:20  Pylon  
  184  14:21  Probe (Chrono Boost)  
  184  14:22  High Templar x2  
  184  14:23  Probe (Chrono Boost)  
  197  14:25  Probe (Chrono Boost)  
  197  14:27  Assimilator, Archon, High Templar  
  197  14:28  Assimilator  
  197  14:29  Immortal (Chrono Boost)  
  200  14:42  Forge  
  200  14:57  Probe  
  200  14:58  Probe  
  198  15:01  Probe  
  198  15:03  Photon Cannon  
  198  15:04  Observer x2  
  198  15:06  Pylon  
  193  15:10  Photon Cannon  
  193  15:11  Stalker x5  
  193  15:12  Photon Cannon  
  199  15:22  Observer  
  194  15:38  Probe  
  195  15:43  Photon Cannon  
  195  15:45  Photon Cannon  
  164  16:21  High Templar x2  
  164  16:23  Stalker, Zealot x6  
  172  16:36  Immortal x2  
  180  16:52  Zealot x2  
  180  16:53  Zealot x2  
  188  16:55  Nexus  
  186  17:08  Tempest x2 (Chrono Boost)  
  176  17:15  Protoss Shields Level 2 (Chrono Boost)  
  174  17:25  Protoss Ground Armor Level 1 (Chrono Boost)  
  174  17:29  Mothership (Chrono Boost)  
  173  17:32  Nexus  
  175  17:38  High Templar x4  
  175  17:39  High Templar  
  175  17:44  Tempest x2 (Chrono Boost)  
  189  17:48  Archon  
  189  17:49  Observer (Chrono Boost)  
  191  17:51  Observer (Chrono Boost)  
  191  17:56  Pylon  
  191  18:01  Observer (Chrono Boost)  
  191  18:03  Nexus  
  191  18:05  Pylon  
  190  18:19  High Templar x4  
  198  18:20  High Templar  
  194  18:27  Archon x2  
  194  18:28  Tempest  
  194  18:33  Photon Cannon  
  195  18:35  Photon Cannon, High Templar x2  
  193  19:25  Oracle  
  193  19:27  Nexus  
  193  19:28  Pylon  
  193  19:30  Pylon  
  192  19:32  Archon  
  187  19:56  High Templar  
  187  19:57  High Templar x3  
  189  20:05  Photon Cannon  
  185  20:10  Photon Cannon  
  181  20:16  Archon x2  
  181  20:18  Immortal (Chrono Boost)  
  172  20:24  Photon Cannon  
  172  20:26  High Templar x3  
  172  20:27  Zealot x2, Shield Battery  
  164  20:28  Immortal (Chrono Boost)  
  152  20:43  Archon, Unknown  
  152  20:47  Immortal (Chrono Boost)  
  152  20:49  High Templar  
  154  20:51  Zealot x5  
  154  20:54  Probe x2  
  154  20:55  Probe, Assimilator  
  167  20:57  Assimilator  
  166  21:07  Zealot x3  
Tags
 
Add a new tag
Caveats
  • Supply blocks, unpowered buildings, or Contaminate may cause inaccurate times.
  • Supply counts are checked every 10 seconds.